 Dungeon Crawl Stone Soup version 0.23.1 (webtiles) character file.

Game seed: 6933159945457482991

126 Borgoz the Sneak (level 5, -2/39 HPs)
             Began as a Ghoul Enchanter on Mar 4, 2019.
             Slain by a crocodile (16 damage)
             ... in a sewer.
             The game lasted 00:06:43 (2684 turns).

Borgoz the Sneak (Ghoul Enchanter)                  Turns: 2684, Time: 00:06:43

Health: -2/39      AC:  3    Str: 12    XL:     5   Next: 10%
Magic:  1/6        EV: 12    Int: 11    God:
Gold:   207        SH:  0    Dex:  9    Spells: 4/7 levels left

rFire    . . .     SeeInvis .   j - +3 short sword
rCold    + + .     Gourm    .   (no shield)
rNeg     + + +     Faith    .   b - +0 robe
rPois    ∞         Spirit   .   (no helmet)
rElec    .         Reflect  .   l - +0 cloak
rCorr    .         Harm     .   (no gloves)
MR       .....                  (no boots)
Stlth    ++........             (no amulet)
HPRegen  0.00/turn              e - ring of protection from cold
MPRegen  0.10/turn              (no ring)

@: very slightly contaminated, rotting
A: rotting body, claws 1, carnivore, cold resistance 1, negative energy
resistance 3, inhibited regeneration, torment resistance, unbreathing
a: no special abilities


You were in a sewer.
You were not hungry.

You visited 1 branch of the dungeon, and saw 4 of its levels.
You also visited: Sewer.

You collected 207 gold pieces.

Inventory:

Hand Weapons
 a - a +4 dagger
 j - a +3 short sword (weapon)
Armour
 b - a +0 robe (worn)
 l - a +0 cloak (worn)
Jewellery
 e - a ring of protection from cold (left claw)
Scrolls
 c - a scroll of enchant weapon
 g - 3 scrolls of fear {unknown}
Potions
 m - 3 potions of flight
Comestibles
 d - 7 rations
 f - 4 chunks of flesh


   Skills:
 + Level 0.7 Fighting
 * Level 3.0 Short Blades
 + Level 2.6 Dodging
 + Level 4.3 Stealth
 - Level 1.7 Spellcasting
 - Level 2.4 Hexes


You had 4 spell levels left.
You knew the following spells:

 Your Spells              Type           Power        Failure   Level  Hunger
a - Corona                Hex            #......      11%         1    ##.....
b - Ensorcelled Hibernat  Hex/Ice        #.....       28%         2    ###....

Your spell library contained the following spells:

 Spells                   Type           Power        Failure   Level  Hunger
 Confuse                  Hex            #.......     32%         3    ####...
 Tukima's Dance           Hex            #.......     32%         3    ####...
 Dazzling Spray           Conj/Hex       #.....       50%         3    ####...


Dungeon Overview and Level Annotations

Branches:
Dungeon (4/15)
 Temple: D:4-7

Altars:
Okawaru
Ru

Annotations:
D:3 1 runed translucent door, TheDeathLetter's ghost, amateur GrFi


Innate Abilities, Weirdness & Mutations

Your body is rotting away.
You thrive on raw meat.
You are immune to poison.
You have sharp fingernails.
You are carnivorous and can eat meat at any time.
Your flesh is cold resistant. (rC+)
You are immune to negative energy. (rN+++)
You do not regenerate when monsters are visible.
You are immune to unholy pain and torment.
You can survive without breathing.


Message History

The crocodile is moderately wounded.
The crocodile closely misses you.
You hit the crocodile but do no damage.
The crocodile is moderately wounded.
The crocodile closely misses you.
You barely miss the crocodile.
The crocodile is moderately wounded.
You hit the crocodile.
The crocodile is heavily wounded.
The crocodile barely misses you.
You puncture the crocodile!
The crocodile is almost dead.
The crocodile closely misses you.
You hit the crocodile but do no damage.
The crocodile is almost dead.
The crocodile bites you!
You hit the crocodile.
The crocodile is almost dead.
The crocodile bites you!
You die...

#########
!)#.#%$#
.#.#.(#
#t≈≈#
##@≈.##
#.....#
#..≈..##
#..≈#...#
#..###≈.##
#.≈≈ #.≈.#
#≈≈# ##≈.#
#.. #≈.#
#.≈ #≈.#


You could see a crocodile.

Vanquished Creatures
  2 adders
  A shadow imp (D:4)
  2 oozes
  An adder skeleton (D:4)
  A worm (D:2)
  4 leopard geckos
  3 orcs (D:3)
  5 giant cockroaches
  6 goblins
  9 hobgoblins
  6 jackals
  A quokka (D:4)
  6 bats
  9 frilled lizards
  9 kobolds
  16 rats
81 creatures vanquished.

Notes
Turn   | Place    | Note
-------+----------+-------------------------------------------
     0 | D:1      | Borgoz the Ghoul Enchanter began the quest for the Orb.
     0 | D:1      | Reached XP level 1. HP: 14/14 MP: 2/2
    19 | D:1      | Reached skill level 1 in Short Blades
    40 | D:1      | Reached XP level 2. HP: 16/19 MP: 3/3
   161 | D:1      | Reached XP level 3. HP: 20/26 MP: 2/4
   170 | D:1      | Learned a level 2 spell: Ensorcelled Hibernation
  1043 | D:2      | Found a sacrificial altar of Ru.
  1158 | D:2      | Reached skill level 4 in Stealth
  1158 | D:2      | Reached XP level 4. HP: 33/33 MP: 5/5
  1902 | D:3      | Found a faded altar of an unknown god.
  2244 | D:3      | Found a runed translucent door.
  2244 | D:3      | Noticed TheDeathLetter's ghost (amateur GrFi)
  2277 | D:4      | HP: 1/34 [bullfrog skeleton (5)]
  2303 | D:4      | Reached XP level 5. HP: 9/39 MP: 4/6
  2307 | D:4      | HP: 1/39 [leopard gecko (4)]
  2317 | D:4      | Found an iron altar of Okawaru.
  2319 | D:4      | Found a glowing drain.
  2351 | Sewer    | Entered a sewer
  2669 | Sewer    | Noticed a crocodile
  2684 | Sewer    | Slain by a crocodile

Skill      XL: |  1  2  3  4  5 |
---------------+----------------+-----
Short Blades   | 1 2 3 |  3.0
Dodging        | 2 |  2.6
Stealth        | 4 |  4.3
Fighting       | |  0.7
Spellcasting   | |  1.7
Hexes          | |  2.4

Action                   |  1- 3 |  4- 6 || total
-------------------------+-------+-------++-------
Melee: Dagger            |   140 |       ||   140
       Short sword       |    24 |   117 ||   141
 Cast: Corona            |     1 |     1 ||     2
       Ensorcelled Hiber |     2 |     3 ||     5
  Use: Scroll            |     4 |     7 ||    11
       Potion            |       |     3 ||     3
 Stab: Sleeping          |     8 |     3 ||    11
       Distracted        |       |     2 ||     2
  Eat: Chunk             |     6 |    11 ||    17
Armor: Robe              |    27 |    20 ||    47
Dodge: Dodged            |    88 |    72 ||   160
